Map: Invader LE

Players

Dkapitador - Winner!

  • Race: Terran Terran
  • League: Bronze

Mindele

  • Race: Terran Terran
  • League: Bronze

VOD

Have the link to the VOD?

Description

Time

  • Played on: May 14, 2016, 11:02 p.m.
  • Length: 8:43
Show
View Real Time Build Order
Export as new Build Order

Dkapitador Terran - Winner!

Build Orders: MMM Bio 

Get SALT Encoding   

  12  0:01  SCV  
  13  0:14  SCV  
  14  0:23  Supply Depot  
  14  0:26  SCV  
  15  0:44  SCV  
  15  0:48  Barracks  
  16  0:56  Refinery, SCV  
  17  1:08  SCV  
  18  1:20  SCV  
  19  1:42  Orbital Command  
  19  1:47  Refinery  
  19  1:54  Marine  
  20  2:07  Barracks  
  20  2:19  Factory  
  20  2:20  Supply Depot  
  20  2:29  SCV  
  21  2:30  Barracks Reactor  
  21  2:41  SCV  
  22  2:53  SCV  
  22  2:56  Barracks Tech Lab, Barracks  
  23  3:03  Factory Tech Lab  
  24  3:05  SCV  
  24  3:10  Marine x2  
  26  3:17  Marauder  
  28  3:21  Siege Tank  
  31  3:32  Starport  
  31  3:50  Supply Depot  
  31  3:52  Supply Depot  
  31  4:12  Marine x2, Siege Tank  
  31  4:17  Supply Depot  
  36  4:20  Starport Reactor  
  36  4:35  Barracks Reactor  
  36  4:39  Marine x2  
  36  4:42  Stimpack  
  36  4:43  Liberator  
  38  4:57  Marine x2  
  43  5:12  SCV  
  44  5:16  Marine x2  
  46  5:26  Supply Depot  
  46  5:34  Marine x2  
  47  5:52  Marine  
  48  6:07  Marauder, Marine  
  48  6:09  Marine  
  52  6:18  Medivac x2  
  53  6:21  Marine x2  
  55  6:28  Engineering Bay  
  55  6:44  Supply Depot  
  55  6:51  Combat Shields  
  55  6:54  Marine x5  
  55  6:56  Supply Depot  
  60  7:13  Marauder  
  61  7:51  Command Center  
  61  7:59  Marauder, Marine x3  
  61  8:00  Marine  
  67  8:20  Marauder  
Show
View Real Time Build Order
Export as new Build Order

Mindele Terran 

Build Orders:  

Get SALT Encoding   

  12  0:02  SCV  
  13  0:14  SCV  
  13  0:20  Supply Depot  
  14  0:26  SCV  
  15  0:41  SCV  
  16  0:43  Barracks  
  16  0:53  SCV  
  16  0:56  Barracks  
  17  1:03  Refinery  
  17  1:05  SCV  
  18  1:18  SCV  
  19  1:34  Orbital Command  
  19  1:38  Marine  
  20  1:40  Supply Depot  
  20  1:46  Barracks  
  20  1:49  Marine  
  21  1:59  Marine  
  21  2:01  SCV  
  23  2:08  Refinery  
  23  2:13  SCV  
  24  2:21  Supply Depot  
  24  2:25  Marine  
  25  2:30  Marine  
  25  2:36  SCV  
  27  2:39  Marine  
  28  2:50  Supply Depot  
  28  3:04  Reaper x2  
  28  3:05  Reaper  
  31  3:12  Barracks  
  31  3:19  SCV  
  32  3:31  SCV  
  33  3:36  Supply Depot  
  33  3:40  Factory  
  33  3:43  SCV  
  34  3:52  Marine x3  
  34  3:55  SCV  
  38  4:00  Supply Depot  
  38  4:03  Marine  
  38  4:07  SCV  
  40  4:13  Marine  
  40  4:14  Barracks  
  41  4:25  Marine x2  
  43  4:32  Marine, Armory  
  43  4:34  Factory Tech Lab  
  44  4:39  Supply Depot  
  44  4:49  SCV  
  44  4:50  Marine x2  
  47  4:54  Marine  
  48  5:01  Supply Depot, SCV  
  49  5:08  Marine  
  49  5:10  Marine  
  49  5:13  SCV  
  52  5:23  Marine x2  
  52  5:41  Marine x2  
  53  5:43  SCV  
  53  5:46  Marine x3  
  60  5:51  Thor  
  60  5:55  Supply Depot, SCV  
  64  6:03  Starport  
  58  6:16  Marine x3  
  58  6:33  Starport  
  58  6:34  Marine x2  
  60  6:42  Starport Tech Lab  
  60  6:52  Marine x2  
  60  6:53  Marine  
  60  6:54  Marine  
  64  7:07  Marine  
  65  7:10  Marine  
  65  7:14  Engineering Bay  
  66  7:19  Banshee  
  69  7:33  Marine x4  
  69  7:35  Marine  
Tags
 
Composition
MMM Bio
Matchup
TvT
Race
Terran
Add a new tag
Caveats
  • Supply blocks, unpowered buildings, or Contaminate may cause inaccurate times.
  • Supply counts are checked every 10 seconds.